 Dungeon Crawl Stone Soup version 0.31-a0-1338-gb567cfdca4 (webtiles) character file.

Game seed: 10978023921930177129

516 Sabo the Chopper (level 7, 0/54 HPs)
             Began as a Demonspawn Monk on Dec 21, 2023.
             Succumbed to an orc's poison
             ... on level 5 of the Dungeon.
             The game lasted 00:17:55 (3858 turns).

Sabo the Chopper (Demonspawn Monk)                  Turns: 3858, Time: 00:17:56

Health: 0/54       AC: 14    Str: 13    XL:     7   Next: 0%
Magic:  7/7        EV:  7    Int: 10    God:
Gold:   178        SH:  8    Dex: 16    Spells: 6/6 levels left

rFire   . . .        u - +0 war axe
rCold   . . .        d - orb {light}
rNeg    . . .        y - +0 chain mail
rPois   .            r - +1 helmet
rElec   .            (no cloak)
rCorr   .            (no gloves)
SInv    .            (no boots)
Will    .....        (no amulet) Stlth
                     (no ring)
HPRegen 0.29/turn    (no ring)
MPRegen 0.10/turn

%: no passive effects
@: lethally poisoned (0 -> -6), glowing
A: hooves 1, large bone plates 1, demonic guardian 1, icemail 1, condensation
shield
a: no special abilities


You were on level 5 of the Dungeon.
You visited 1 branch of the dungeon, and saw 5 of its levels.

You collected 178 gold pieces.

Inventory:

Hand Weapons
 g - a +0 sling
 n - a +1 whip of electrocution
 q - a +0 mace of protection
 t - a +3 dagger of draining
 u - a +0 war axe (weapon)
Armour
 d - an orb of light (worn)
 r - a +1 helmet (worn)
 y - a +0 chain mail (worn)
Jewellery
 w - a ring of fire
Scrolls
 a - a scroll of enchant weapon {unknown}
 i - 2 scrolls of poison
 k - a scroll of enchant armour {unknown}
 p - a scroll of summoning {unknown}
 v - a scroll of blinking {unknown}
 z - a scroll of noise {unknown}
 A - a scroll of silence {unknown}
 B - a scroll of identify
 D - a scroll of amnesia
Potions
 b - a potion of might {unknown}
 c - a potion of ambrosia
 e - 2 potions of enlightenment {unknown}
 f - 3 potions of curing {unknown}
 h - a potion of attraction {unknown}
 j - a potion of degeneration {unknown}
 l - 4 potions of heal wounds {unknown}
 m - a potion of invisibility {unknown}
 o - a potion of brilliance {unknown}
 s - a potion of berserk rage {unknown}
 x - 2 potions of cancellation {unknown}
 C - a potion of mutation {unknown}


   Skills:
 + Level 4.2 Fighting
 + Level 5.6 Axes
 + Level 2.2 Armour
 + Level 3.5 Dodging
 + Level 0.9 Stealth


You had 6 spell levels left.
You didn't know any spells.
Your spell library was empty.

Dungeon Overview and Level Annotations

Branches:
Dungeon (5/15)
 Temple: D:4-7

Altars:
Trog


Innate Abilities, Weirdness & Mutations

You have large cloven feet.
You are partially covered in large bone plates. (SH +4)
A weak demonic guardian rushes to your aid.
A meltable icy envelope protects you from harm. (AC +4)
A meltable shield of frost defends you. (SH +4)


Message History

The iguana closely misses you.
You hit the iguana. You kick the iguana, but do no damage.
The iguana is lightly wounded.
The iguana completely misses you.
You hit the iguana. You kick the iguana.
The iguana is heavily wounded.
The iguana hisses menacingly.
The iguana bites you but does no damage.
The iguana bites you.
* * * LOW HITPOINT WARNING * * *
You hit the iguana.
The iguana is heavily wounded.
The iguana bites you.
* * * LOW HITPOINT WARNING * * *
You barely miss the iguana.
The iguana is heavily wounded.
You barely miss the orc. The iguana bites you.
* * * LOW HITPOINT WARNING * * *
The orc hits you but does no damage.
You are poisoned.
You slash the iguana!
You kill the iguana!
You hit the orc.
* * * LOW HITPOINT WARNING * * *
You feel very sick. The orc hits you but does no damage.
You are lethally poisoned!
You have reached level 7!
You hit the orc.
You kill the orc!
* * * LOW HITPOINT WARNING * * *
You feel very sick.
An orc priest comes into view. It is wielding a +0 short sword.
* * * LOW HITPOINT WARNING * * *
You feel sick.
The orc priest shouts!
You hear a shout!
You see here a +0 flail.
* * * LOW HITPOINT WARNING * * *
You feel sick.
You die...

..........#....'..)#
.##..##..##.####...#
###..##'###.####...#
.....#.............#
.....#.............#
.....#.............#
###########.####...#
. #.####'### .
#.....@..# ..
#....)...# ..
#....)...#
#...)†...#
#........#
#........#
#...o....#
###'##...# .. #+###


You could see an orc priest.

Vanquished Creatures
  A phantom (D:4)
  4 orc priests
  A hound (D:5)
  A sleepcap (D:5)
  3 iguanas
  An orc wizard (D:2)
  Robin (D:3)
  5 adders
  A worm (D:2)
  3 dart slugs
  8 orcs
  7 endoplasms
  A giant cockroach (D:2)
  14 goblins
  10 hobgoblins
  11 jackals
  2 quokkas
  5 ball pythons
  3 bats
  4 frilled lizards
  7 kobolds
  5 rats
98 creatures vanquished.

Vanquished Creatures (collateral kills)
  A jackal (D:4)
1 creature vanquished.

Grand Total: 99 creatures vanquished

Notes
Turn   | Place    | Note
-------+----------+-------------------------------------------
     0 | D:1      | Sabo the Demonspawn Monk began the quest for the Orb.
     0 | D:1      | Reached XP level 1. HP: 18/18 MP: 1/1
   166 | D:1      | Gained mutation: A meltable shield of frost defends you.
                  | (SH +4) [demonic ancestry]
   166 | D:1      | Reached XP level 2. HP: 23/24 MP: 2/2
   243 | D:1      | Reached skill level 3 in Axes
  1154 | D:2      | Gained mutation: You have large cloven feet. [demonic
                  | ancestry]
  1154 | D:2      | Reached XP level 3. HP: 28/29 MP: 3/3
  1547 | D:2      | Reached skill level 1 in Armour
  1547 | D:2      | Gained mutation: You are partially covered in large bone
                  | plates. (SH +4) [demonic ancestry]
  1547 | D:2      | Reached XP level 4. HP: 21/35 MP: 4/4
  1918 | D:3      | Reached skill level 4 in Axes
  1976 | D:3      | Noticed Robin
  2002 | D:3      | Killed Robin
  2003 | D:3      | Gained mutation: A meltable icy envelope protects you from
                  | harm. (AC +4) [demonic ancestry]
  2003 | D:3      | Reached XP level 5. HP: 22/41 MP: 5/5
  2919 | D:4      | Found a bloodstained altar of Trog.
  3062 | D:4      | Noticed a phantom
  3074 | D:4      | Killed a phantom
  3075 | D:4      | Reached skill level 5 in Axes
  3075 | D:4      | Gained mutation: A weak demonic guardian rushes to your
                  | aid. [demonic ancestry]
  3075 | D:4      | Reached XP level 6. HP: 43/48 MP: 6/6
  3462 | D:5      | Entered Level 5 of the Dungeon
  3855 | D:5      | Reached XP level 7. HP: 9/54 MP: 7/7
  3857 | D:5      | HP: 2/54 [poisoned by an orc]
  3858 | D:5      | Succumbed to an orc's poison

Illustrated notes

Levels and vault maps discovered:
D:1:      minmay_arrival_wavy_path, layout_basic
D:2:      layout_basic
D:3:      layout_rooms, serial_rivers, chequers_serial_rivers_small_b,
          chequers_serial_rivers_large_b, chequers_serial_rivers_micro_e,
          chequers_serial_rivers_small_3, uniq_robin
D:4:      layout_basic, kennysheep_mini_moat
D:5:      layout_gridville, grunt_ministairs_8, kennysheep_path_1,
          nicolae_fountain_basement

Skill      XL: |  1  2  3  4  5  6 |
---------------+-------------------+-----
Axes           | 3 4 5 |  5.6
Dodging        | 3 |  3.5
Armour         | 1 2 |  2.2
Fighting       | 4 |  4.2
Stealth        | |  0.9

Action                     |  1- 3 |  4- 6 |  7- 9 || total
---------------------------+-------+-------+-------++-------
  Melee: Hand axe          |    96 |    75 |       ||   171
         Kick              |    19 |    47 |       ||    66
         War axe           |       |    73 |     1 ||    74
    Use: Scroll            |       |     3 |       ||     3
   Stab: Distracted        |       |     1 |       ||     1
 Armour: Robe              |     7 |       |       ||     7
         Ring mail         |    16 |       |       ||    16
         Scale mail        |    40 |    61 |       ||   101
         Chain mail        |       |    47 |       ||    47
  Dodge: Dodged            |    51 |    76 |       ||   127

Table legend: (Time is in decaauts)
 A = Elapsed time spent in this place.
 B = Non-inter-level travel time spent in this place.
 C = Inter-level travel time spent in this place.
 D = Time resting spent in this place.
 E = Time spent auto-exploring this place.
 F = Levels seen in this place.
 G = Mean time per level.
                   A        B        C        D        E       F      G
               +--------+--------+--------+--------+--------+-----+--------+
         Total |   3944 |   3944 |      0 |    505 |      0 |   5 |  788.8 |
       Dungeon |   3944 |   3944 |      0 |    505 |      0 |   5 |  788.8 |
               +--------+--------+--------+--------+--------+-----+--------+

Top non-repeatable levels by time:
     D:1: 1132 daAuts
     D:3: 915 daAuts
     D:2: 781 daAuts
     D:4: 707 daAuts
     D:5: 406 daAuts
